 Dungeon Crawl Stone Soup version 0.20.1-1-g8b1a95d (webtiles) character file.

112 vatarom the Insei (level 4, -7/42 HPs)
             Began as an Octopode Transmuter on Sept 2, 2017.
             Was an Initiate of Makhleb.
             Killed by divine providence
             ... invoked by an orc priest
              (13 damage)
             ... on level 3 of the Dungeon.
             The game lasted 00:04:05 (2244 turns).

vatarom the Insei (Octopode Transmuter)             Turns: 2244, Time: 00:04:06

Health: -7/42      AC: 22    Str: 10      XL:     4   Next: 93%
Magic:  10/16      EV:  2    Int: 14 (15) God:    Makhleb [......]
Gold:   128        SH:  0    Dex: 15 (16) Spells: 1/7 levels left

rFire    . . .     SeeInvis +     - Unarmed
rCold    . . .     Gourm    .   (no shield)
rNeg     + + +     Faith    .   (helmet currently unavailable)
rPois    +         Spirit   .   (no amulet)
rElec    .         Reflect  .   f - ring of magical power
rCorr    .         Harm     .   (no ring)
MR       .....     Rnd*Rage +   (no ring) Stlth +.........NoTele +
                                (no ring)
Regen    0.2/turn               (no ring)
MPRegen  0.2/turn               (no ring)
                                (no ring)
                                (no ring)

@: tree-form, very slightly contaminated
A: almost no armour, stealthy swim, (amphibious), 8 rings, (constrict 8), see
invisible, agile 2, berserk 1
a: Renounce Religion


You were on level 3 of the Dungeon.
You worshipped Makhleb.
Makhleb was noncommittal.
You were hungry.
You were a tree.
You visited 1 branch of the dungeon, and saw 3 of its levels.

You collected 128 gold pieces.

Inventory:

Missiles
 a - 58 arrows
Jewellery
 f - a ring of magical power (left branch)
Scrolls
 h - 3 scrolls of identify
 j - a scroll of enchant weapon
Potions
 e - a potion of brilliance
Books
 b - a book of Changes

   Spells                             Type                      Level
   a - Beastly Appendage              Transmutation                1
   b - Sticks to Snakes               Transmutation                2
   c - Spider Form                    Transmutation/Poison         3
   d - Ice Form                       Ice/Transmutation            4
   e - Blade Hands                    Transmutation                5
Comestibles
 c - a bread ration
 g - a royal jelly


   Skills:
 - Level 1.0 Fighting
 - Level 2.0 Dodging
 + Level 5.0 Unarmed Combat
 - Level 2.0 Spellcasting
 * Level 2.8 Transmutations


You had one spell level left.
You knew the following spells:

 Your Spells              Type           Power        Failure   Level  Hunger
a - Beastly Appendage     Tmut           #.....       8%          1    ##.....
b - Sticks to Snakes      Tmut           #.......     11%         2    ###....
c - Spider Form           Tmut/Pois      #.........   36%         3    ####...


Dungeon Overview and Level Annotations

Branches:
Dungeon (3/15)

Altars:
Makhleb


Innate Abilities, Weirdness & Mutations

You cannot wear most types of armour.
You are very stealthy in the water. (Stealth+)
((You are amphibious.))
You can wear up to eight rings at the same time.
((You can use your tentacles to constrict eight enemies at once.))
((Your skin changes colour to match your surroundings (Stealth+).))
((Your rubbery body absorbs attacks. (AC +1, EV +1)))
You have supernaturally acute eyesight. (SInv)
You are very agile. (Dex +4)
You tend to lose your temper in combat.


Message History

Unknown command.
You tentacle-slap the orc but do no damage.
The orc is moderately wounded.
You constrict the orc, but do no damage.
The orc hits you with a whip of flaming.
* * * LOW HITPOINT WARNING * * *
The orc burns you.
* * * LOW HITPOINT WARNING * * *
It was a potion of lignification.
You turn into a tree.
Your roots penetrate the ground.
You lose your grip on the orc.
You smack the orc!
You kill the orc!
Makhleb accepts your kill.
You hit the orc priest but do no damage.
The orc priest hits you but does no damage.
You smack the orc priest!
The orc priest is heavily wounded.
The orc priest mumbles some strange prayers to Beogh against you.
Beogh smites you!
You die...

.....# #.# #.######.#
.....####.# #....†##.#
..........# ###......#
.....###### #.#.####
.....#### #.#.# ........#
#.#.# #######.# #.#.###
##.############.....#
#..........♣)####.#.#
#..##..#####o####.#.#
#..#...........##.#.#
###..#.####S####.##.#.#
....#.##.o...##.##.#.#
.####.##.#.......#.##.#.#
.........#.......#......#
..###.#......_........###
#.#..#...)...#..###


You could see an orc priest.

Vanquished Creatures
  Natasha (D:3)
  3 adders
  4 leopard geckos
  3 orcs (D:3)
  10 bats
  3 giant cockroaches
  4 goblins
  6 hobgoblins
  3 jackals (D:2)
  5 kobolds
  2 ball pythons
  A frilled lizard (D:1)
  4 rats
49 creatures vanquished.

Vanquished Creatures (collateral kills)
  A worm (D:2)
1 creature vanquished.

Grand Total: 50 creatures vanquished

Notes
Turn   | Place    | Note
-------+----------+-------------------------------------------
     0 | D:1      | vatarom the Octopode Transmuter began the quest for the Orb.
     0 | D:1      | Reached XP level 1. HP: 13/13 MP: 3/3
   120 | D:1      | Reached XP level 2. HP: 14/18 MP: 5/5
   411 | D:1      | Learned a level 2 spell: Sticks to Snakes
   607 | D:1      | Gained mutation: You are agile. (Dex +2) [potion of mutation]
   607 | D:1      | Gained mutation: You are very agile. (Dex +4) [potion of mutation]
   607 | D:1      | Gained mutation: You tend to lose your temper in combat. [potion of mutation]
   607 | D:1      | Gained mutation: You have supernaturally acute eyesight. (SInv) [potion of mutation]
   710 | D:1      | Reached skill level 4 in Unarmed Combat
   740 | D:1      | Reached XP level 3. HP: 23/23 MP: 6/6
  1319 | D:2      | Learned a level 3 spell: Spider Form
  1352 | D:2      | Reached XP level 4. HP: 24/28 MP: 7/7
  1686 | D:3      | Found a faded altar of an unknown god.
  1907 | D:3      | Found a burning altar of Makhleb.
  1917 | D:3      | Became a worshipper of Makhleb the Destroyer
  2175 | D:3      | Noticed Natasha
  2184 | D:3      | Killed Natasha
  2184 | D:3      | Reached skill level 5 in Unarmed Combat
  2244 | D:3      | Killed from afar by an orc priest

Skill      XL: |  1  2  3  4 |
---------------+-------------+-----
Unarmed Combat | 4 5 |  5.0
Fighting       | |  1.0
Dodging        | |  2.0
Spellcasting   | |  2.0
Transmutations | |  2.8

Action                   |  1- 3 |  4- 6 || total
-------------------------+-------+-------++-------
Melee: Unarmed           |    75 |    44 ||   119
       Constrict         |    22 |    13 ||    35
       Tentacles         |    15 |     6 ||    21
       Kick              |     1 |       ||     1
       Punch             |     1 |     1 ||     2
 Cast: Beastly Appendage |     1 |       ||     1
       Sticks to Snakes  |     3 |     2 ||     5
  Use: Scroll            |     8 |     3 ||    11
       Potion            |     3 |     2 ||     5
 Stab: Sleeping          |     6 |     2 ||     8
  Eat: Chunk             |     2 |     2 ||     4
Armor: Skin              |     5 |     9 ||    14
Dodge: Dodged            |    45 |    39 ||    84
